 Dungeon Crawl Stone Soup version 0.25-a0-290-g4a1327ee3a (webtiles) character file.

Game seed: 9353895264970995328, levelgen mode: deterministic

1049 floatRand the Covered (level 8, -3/68 HPs)
             Began as a Deep Dwarf Fighter on Dec 14, 2019.
             Slain by an ogre
             ... wielding a +0 giant club
              (20 damage)
             ... on level 3 of the Dungeon.
             The game lasted 00:07:06 (4344 turns).

floatRand the Covered (Deep Dwarf Fighter)          Turns: 4344, Time: 00:07:07

Health: -3/68      AC: 16    Str: 19    XL:     8   Next: 5%
Magic:  8/8        EV:  6    Int: 10    God:
Gold:   192        SH: 10    Dex: 14    Spells: 7/7 levels left

rFire    + . .     SeeInvis .   a - +1 flail
rCold    + . .     Gourm    .   c - +0 shield
rNeg     . . .     Faith    .   h - +0 plate armour
rPois    .         Spirit   .   o - +2 helmet
rElec    .         Reflect  .   n - scarf {rC+ rF+}
rCorr    .         Harm     .   (no gloves)
MR       +....                  (no boots)
Stlth    ..........             (no amulet)
HPRegen  0.00/turn              (no ring)
MPRegen  0.11/turn              (no ring)

@: non-regenerating
A: damage resistance, heal wounds, sense surroundings 1, no regeneration
a: Heal Wounds


You were on level 3 of the Dungeon.
You were not hungry.

You visited 1 branch of the dungeon, and saw 3 of its levels.
You also visited: Sewer.

You collected 192 gold pieces.

Inventory:

Hand Weapons
 a - a +1 flail (weapon)
Missiles
 k - 5 silver javelins (quivered)
Armour
 b - a +0 scale mail
 c - a +0 shield (worn)
 h - a +0 plate armour (worn)
 n - a scarf of resistance (worn)
 o - a +2 helmet (worn)
Jewellery
 p - a cursed -3 ring of protection {unknown}
Scrolls
 e - 2 scrolls of teleportation
 i - 5 scrolls of identify
 l - a scroll of magic mapping
Potions
 d - a potion of might
 g - 2 potions of curing
 j - a potion of flight {unknown}
 m - a potion of magic
Comestibles
 f - 5 rations
 q - 4 chunks of flesh


   Skills:
 - Level 2.7 Fighting
 + Level 5.0 Maces & Flails
 + Level 6.1 Armour
 + Level 4.8 Dodging
 + Level 6.0 Shields


You had 7 spell levels left.
You didn't know any spells.
Your spell library was empty.

Dungeon Overview and Level Annotations

Branches:
Dungeon (3/15)              Sewer (visited)

Altars:


Innate Abilities, Weirdness & Mutations

You are resistant to damage.
You can heal yourself by infusing magical energy.
You passively map a small area around you.
You do not regenerate.


Message History

Fire/throw which item? (* to show all) (? for menu, Esc to quit)
Okay, then.
Throwing (i - inventory)
k - 8 silver javelins (quivered)
Press: ? - help, Shift-Dir - straight line You throw a silver javelin.
The silver javelin pierces through the ogre.
The ogre is lightly wounded.
Throwing (i - inventory)
k - 7 silver javelins (quivered)
Press: ? - help, Shift-Dir - straight line You throw a silver javelin.
The silver javelin barely misses the ogre.
Throwing (i - inventory)
k - 6 silver javelins (quivered)
Press: ? - help, Shift-Dir - straight line You throw a silver javelin.
The silver javelin pierces through the ogre.
The ogre is moderately wounded.
You barely miss the ogre.
The ogre is moderately wounded.
The ogre hits you with a +0 giant club!!
You die...

.#....≈≈#...#############''''####
.#....≈≈#...#...((...............
.#....≈≈#####≈≈≈≈≈≈≈≈≈≈≈≈....≈≈≈≈
.#....≈≈≈≈≈≈≈≈≈≈≈≈≈≈≈≈≈≈≈....≈≈≈≈
.#....≈≈≈≈≈≈≈≈≈≈)≈≈≈≈≈≈≈≈[...≈≈≈≈
.#.....P.........................
............................>####
.##.....#.......O#####.......))..
..#.#.#.#.######@# ##.####.####
..#.#.#.#.# #.### #..# #†<#..
###.#.#.#.######...####..###..#.#
# #)#...#.##.........##.).#)....#
###[#####.##.........##.#.......#
#.........##.........##)#.....).#
#.#[########.........##[#..#..#)#
#.#.)................##.##'#..#.#
#.#########..........##.......#..


You could see an ogre.

Vanquished Creatures
  An ogre (D:3)
  7 big kobolds (Sewer)
  A bullfrog zombie (D:3)
  2 gnoll shamans (D:3)
  Jessica (D:3)
  Natasha (thrice) (D:3)
  Robin (D:3)
  9 gnolls (D:3)
  2 adders
  2 river rats (Sewer)
  8 oozes
  A dart slug (D:1)
  3 worms (D:3)
  4 leopard geckos
  An orc (D:3)
  6 bats
  6 giant cockroaches
  18 goblins
  6 hobgoblins
  24 jackals
  2 quokkas (D:3)
  5 ball pythons (Sewer)
  9 frilled lizards
  6 kobolds
  12 rats
140 creatures vanquished.

Notes
Turn   | Place    | Note
-------+----------+-------------------------------------------
     0 | D:1      | floatRand the Deep Dwarf Fighter began the quest for the
                  | Orb.
     0 | D:1      | Reached XP level 1. HP: 20/20 MP: 1/1
   120 | D:1      | Reached XP level 2. HP: 25/27 MP: 2/2
   302 | D:1      | Reached skill level 1 in Dodging
   773 | D:1      | Reached XP level 3. HP: 20/33 MP: 3/3
  1961 | D:3      | Noticed Robin
  1962 | D:3      | Found a glowing drain.
  1999 | D:3      | Killed Robin
  1999 | D:3      | Reached XP level 4. HP: 16/40 MP: 4/4
  2151 | Sewer    | Entered a sewer
  2170 | Sewer    | Noticed a big kobold
  2196 | Sewer    | Killed a big kobold
  2196 | Sewer    | Reached XP level 5. HP: 17/46 MP: 5/5
  2277 | Sewer    | Reached XP level 6. HP: 41/55 MP: 6/6
  2327 | Sewer    | Reached skill level 5 in Armour
  2327 | Sewer    | Reached skill level 5 in Shields
  2578 | Sewer    | Reached XP level 7. HP: 35/61 MP: 7/7
  3023 | D:3      | Noticed Jessica
  3071 | D:3      | Killed Jessica
  3094 | D:3      | Noticed Natasha
  3098 | D:3      | Killed Natasha
  3342 | D:3      | Noticed Natasha
  3348 | D:3      | Killed Natasha
  3613 | D:3      | Noticed Natasha
  3632 | D:3      | Killed Natasha
  3956 | D:3      | Reached XP level 8. HP: 18/68 MP: 8/8
  3959 | D:3      | Reached skill level 5 in Maces & Flails
  4344 | D:3      | Slain by an ogre

Levels and vault maps discovered:
D:1:      eino_arrival_tree_alley, layout_basic
D:2:      layout_basic, minmay_lizard_pond
D:3:      lemuel_castle_with_subvaults [lemuel_castle_interior_carwin_2],
          layout_basic, cheibrodos_sewer_entry_drain, uniq_natasha, uniq_robin,
          uniq_jessica

Skill      XL: |  1  2  3  4  5  6  7  8 |
---------------+-------------------------+-----
Dodging        | 1 2 3 4 |  4.8
Armour         | 4 5 6 |  6.1
Shields        | 4 5 6 |  6.0
Maces & Flails | 3 4 5 |  5.0
Fighting       | |  2.7

Action                   |  1- 3 |  4- 6 |  7- 9 || total
-------------------------+-------+-------+-------++-------
Melee: Flail             |   198 |   234 |   239 ||   671
Throw: Javelin           |       |       |     3 ||     3
  Use: Potion            |     1 |     2 |     1 ||     4
       Scroll            |       |       |     4 ||     4
  Eat: Chunk             |     2 |     5 |     6 ||    13
Armor: Scale mail        |    25 |       |       ||    25
       Plate armour      |   143 |   119 |   143 ||   405
Dodge: Dodged            |    64 |    38 |    57 ||   159
Block: Shield            |   136 |    87 |   143 ||   366

Table legend:
 A = Non-vault XP
 B = Vault XP
 C = Vault XP percentage of total XP
 D = Non-vault monster count
 E = Vault monster count
 F = Vault count percentage of total count
                 A         B        C        D         E       F
            +---------+---------+-------+---------+---------+-------
      Total |     360 |    1139 |  76.0 |      64 |      76 |  54.3
            +---------+---------+-------+---------+---------+-------
        D:1 |      42 |       0 |   0.0 |      20 |       0 |   0.0
        D:2 |      18 |       5 |  21.7 |      11 |       5 |  31.2
        D:3 |     300 |     362 |  54.7 |      33 |      43 |  56.6
      Sewer |       0 |     772 | 100.0 |       0 |      28 | 100.0
            +---------+---------+-------+---------+---------+-------
